 Dungeon Crawl Stone Soup version 0.22-b1-26-g9dbaab1112 (webtiles) character file.

99 Pisosu the Skirmisher (level 4, -7/41 HPs)
             Began as a Minotaur Fighter on Aug 8, 2018.
             Mangled by Sigmund
             ... wielding a +0 scythe
              (11 damage)
             ... on level 2 of the Dungeon.
             The game lasted 00:02:44 (1494 turns).

Pisosu the Skirmisher (Minotaur Fighter)            Turns: 1494, Time: 00:02:44

Health: -7/41      AC:  7    Str: 22    XL:     4   Next: 45%
Magic:  3/3        EV:  7    Int:  5    God:
Gold:   121        SH: 14    Dex:  9    Spells: 3/3 levels left

rFire    . . .     SeeInvis .   g - +1 mace (holy)
rCold    . . .     Gourm    .   c - +0 shield
rNeg     . . .     Faith    .   b - +0 scale mail
rPois    .         Spirit   .   (helmet restricted)
rElec    .         Reflect  +   (no cloak)
rCorr    .         Harm     .   (no gloves)
MR       .....                  (no boots)
Stlth    ..........             a - +5 amulet of reflection
HPRegen  0.13/turn              (no ring)
MPRegen  0.08/turn              (no ring)

@: no status effects
A: retaliatory headbutt, horns 2
a: no special abilities


You were on level 2 of the Dungeon.
You were not hungry.

You visited 1 branch of the dungeon, and saw 2 of its levels.

You collected 121 gold pieces.

Inventory:

Hand Weapons
 g - a +1 mace of holy wrath (weapon)
Armour
 b - a +0 scale mail (worn)
 c - a +0 shield (worn)
Jewellery
 a - a +5 amulet of reflection (around neck)
Scrolls
 e - a scroll of identify {unknown}
 j - a scroll of teleportation {unknown}
 k - a scroll of remove curse {unknown}
 l - a scroll of noise {unknown}
 m - 2 scrolls of enchant armour {unknown}
Potions
 d - 2 potions of might
 i - a potion of cancellation {unknown}
 n - a potion of curing {unknown}
Comestibles
 f - 2 rations


   Skills:
 + Level 4.3 Fighting
 + Level 4.0 Maces & Flails
 + Level 4.3 Armour
 + Level 4.3 Shields


You had 3 spell levels left.
You didn't know any spells.
Your spell library was empty.

Dungeon Overview and Level Annotations

Branches:
Dungeon (2/15)

Altars:

Annotations:
D:2 Sigmund


Innate Abilities, Weirdness & Mutations

You reflexively headbutt those who attack you in melee.
You have a pair of horns on your head.


Message History

You hear some strange, mumbled words.
A puff of flame appears from out of thin air!
The puff of flame hits you! Something hits you!
Things that are here:
a helmet; an animal skin; a spear You closely miss something.
Your headbutt misses something. You block something's attack.
You miss something. You block something's attack.
You hit something. Something hits you.
You miss something. Your headbutt misses something. Something hits you.
You barely miss something. You sock something! You block something's attack.
You miss something. Something hits you.
You barely miss something. Something hits you!
* * * LOW HITPOINT WARNING * * *
You closely miss something. Something hits you!
* * * LOW HITPOINT WARNING * * *
You hit something. You headbutt something. Something hits you!
You die...

#.#.#.#######.####.#.###.##.###
#.#(#.# #.# #.#.# #.##.#
#.#(#.#######.####)#.###.##.###
#>.................gg...)......
#####.#######.##.###.###.##....
##.....)...##...#.###.######
#...........###.#.#.......#
#.##.......){.#.#.#.#.###.#
#.###.#####@#.#.#.#.#...#.# #.#
#.# #.#.#.#.#.....#.# #.###.#
#<#.#.#.#######.## #.....#
###.#.#......†...# #######
#.#.############ #.#.# #.#.#
#.#.# #.#.#


There were no monsters in sight!

Vanquished Creatures
  Terence (D:2)
  Robin (D:2)
  An adder (D:2)
  An ooze (D:1)
  A dart slug (D:1)
  A leopard gecko (D:1)
  2 giant cockroaches
  10 goblins
  7 hobgoblins
  A quokka (D:2)
  4 bats
  5 kobolds
  12 rats
47 creatures vanquished.

Notes
Turn   | Place    | Note
-------+----------+-------------------------------------------
     0 | D:1      | Pisosu the Minotaur Fighter began the quest for the Orb.
     0 | D:1      | Reached XP level 1. HP: 19/19 MP: 0/0
   100 | D:1      | Reached XP level 2. HP: 27/27 MP: 1/1
   611 | D:2      | Reached XP level 3. HP: 33/33 MP: 2/2
   882 | D:2      | Noticed Terence
   893 | D:2      | Killed Terence
   893 | D:2      | Reached XP level 4. HP: 41/41 MP: 3/3
   949 | D:2      | Noticed Robin
   955 | D:2      | Noticed Sigmund
   989 | D:2      | HP: 1/41 [something/puff of flame (7)]
  1015 | D:2      | HP: 1/41 [something/puff of flame (3)]
  1329 | D:2      | Killed Robin
  1494 | D:2      | Mangled by Sigmund

Skill      XL: |  1  2  3  4 |
---------------+-------------+-----
Fighting       | 4 |  4.3
Armour         | 4 |  4.3
Shields        | 4 |  4.3
Maces & Flails | 3 4 |  4.0

Action                   |  1- 3 |  4- 6 || total
-------------------------+-------+-------++-------
Melee: Flail             |    28 |       ||    28
       Headbutt          |    12 |     5 ||    17
       Mace              |    39 |    43 ||    82
  Eat: Ration            |       |     1 ||     1
Armor: Scale mail        |    23 |    15 ||    38
Dodge: Dodged            |    20 |    10 ||    30
Block: Shield            |    28 |    42 ||    70
       Reflection        |     2 |       ||     2
